AoeStats
← Tu padre

Arena

510468621Analyzed
2v2 RM · 10h ago on Oct 1, 2026· 66m 1s· 4 players
Game mode
Random Map
Map size
Medium (4 player)
Population
200
Speed
Normal
Resources
Standard
Victory
Conquest
Starting age
Dark Age
Ending age
Imperial Age
RankedLock teamsTeams togetherTeam positionsShared explorationLock speedFull tech treeHidden civsTurbo modeCheats
Victory
Defeat
🇲🇽 Hindustanis · Mexico
754
+19
🇲🇽 Teutons · Mexico
736
+19
🇺🇸 Lithuanians · United States
867
-22
🇦🇺 Teutons · Australia
749
-32
dragonbanshe1
12:18 Feudal Age
16:52 Castle Age
14:40 Double-Bit Axe
16:17 Man-at-Arms
18:32 Long Swordsman
20:38 Forging
20:24 Pikeman
22:57 Fervor
23:30 Gold Mining
27:58 Gold Shaft Mining
28:02 Wheelbarrow
30:45 Bloodlines
31:19 Iron Casting
30:50 Scale Barding Armor
30:47 Horse Collar
33:30 Husbandry
35:55 Hand Cart
36:07 Bow Saw
36:41 Heavy Plow
36:49 Stone Mining
37:58 Caravan
38:43 Stone Shaft Mining
46:01 Imperial Age
44:03 Chain Barding Armor
46:47 Grand Trunk Road
47:08 Conscription
46:13 Heavy Camel Rider
48:39 Two-Man Saw
49:35 Imperial Camel Rider
51:55 Blast Furnace
51:31 Plate Barding Armor
50:37 Elite Ghulam
57:25 Scale Mail Armor
59:23 Chain Mail Armor
60:06 Siege Engineers
63:41 Arson
63:57 Squires
Tu padre
0:46 Loom
14:03 Feudal Age
14:56 Double-Bit Axe
17:03 Horse Collar
20:37 Castle Age
21:24 Forging
21:05 Fletching
21:18 Scale Mail Armor
21:19 Padded Archer Armor
22:45 Crossbowman
28:39 Gold Mining
29:04 Bow Saw
30:38 Heavy Plow
35:28 Caravan
36:06 Coinage
35:38 Stone Mining
38:52 Imperial Age
36:58 Wheelbarrow
36:09 Town Watch
36:46 Bodkin Arrow
37:07 Leather Archer Armor
38:09 Stone Shaft Mining
39:15 Hand Cart
39:02 Town Patrol
40:46 Crop Rotation
40:54 Iron Casting
40:26 Scale Barding Armor
40:58 Guilds
43:06 Blast Furnace
42:15 Pikeman
42:21 Cavalier
43:12 Bloodlines
44:03 Chain Barding Armor
44:42 Banking
44:33 Paladin
47:08 Two-Man Saw
47:39 Masonry
47:35 Siege Engineers
47:42 Fortified Wall
47:53 Ballistics
47:24 Heated Shot
48:12 Plate Barding Armor
47:29 Elite Teutonic Knight
48:30 Ironclad
48:31 Crenellations
50:43 Two-Man Saw
51:44 Chain Mail Armor
52:00 Ring Archer Armor
51:20 Arrowslits
51:26 Guard Tower
52:37 Chemistry
51:43 Siphons
51:49 Clinker Construction
51:52 Careening
51:30 Elite Skirmisher
51:31 Heavy Mounted Crossbowman
51:36 Halberdier
51:37 Man-at-Arms
52:03 Gambesons
52:19 Squires
52:08 Arson
56:29 Hoardings
59:05 Capped Ram
59:21 Long Swordsman
59:24 Onager
59:25 Heavy Scorpion
59:47 Sappers
60:38 Conscription
62:10 Plate Mail Armor
62:04 Carvel Hull
62:20 Keep
62:06 Bombard Tower
63:34 Sanctity
63:15 Devotion
63:27 Redemption
63:18 Atonement
63:44 Illumination
66:27 Faith
66:29 Heresy
66:45 Theocracy
66:27 Block Printing
66:23 Fervor
65:52 Two-Handed Swordsman
65:56 Siege Onager
claybeDAWTcom
10:54 Feudal Age
12:19 Double-Bit Axe
13:23 Gold Mining
17:48 Bloodlines
21:19 Castle Age
23:37 Sanctity
23:23 Pikeman
24:04 Squires
24:07 Husbandry
28:37 Wheelbarrow
31:00 Hand Cart
30:30 Town Watch
34:16 Scale Barding Armor
34:23 Forging
34:06 Fletching
35:03 Town Patrol
35:21 Elite Skirmisher
36:25 Chain Barding Armor
36:13 Thumb Ring
38:38 Stone Mining
40:50 Bodkin Arrow
44:42 Imperial Age
45:40 Cavalier
47:14 Bracer
47:50 Plate Barding Armor
47:51 Iron Casting
47:16 Padded Archer Armor
48:57 Stone Shaft Mining
49:47 Conscription
49:33 Tower Shields
55:00 Caravan
62:10 Leather Archer Armor
63:00 Murder Holes
bob123454
11:40 Feudal Age
10:39 Loom
16:01 Man-at-Arms
21:03 Castle Age
23:16 Forging
24:37 Iron Casting
24:56 Long Swordsman
25:24 Gambesons
32:20 Scale Barding Armor
33:06 Pikeman
33:47 Squires
42:02 Imperial Age
42:12 Imperial Age
42:16 Elite Teutonic Knight
43:31 Chain Barding Armor
43:17 Scale Mail Armor
44:18 Blast Furnace
44:15 Two-Handed Swordsman
47:15 Halberdier
47:25 Halberdier
48:41 Heavy Scorpion
49:51 Chain Mail Armor
53:50 Champion
54:05 Champion
57:52 Plate Mail Armor
59:45 Chemistry
58:39 Guard Tower
58:34 Arrowslits
Connection lost

Rejoining the realm…

Still unreachable

The connection could not be restored.

Session expired

The server has moved on; the page needs a fresh start.